Map: Apotheosis LE

Players

Nickos

  • Race: Terran Terran
  • League: Gold

TwoRCfourU - Winner!

  • Race: Terran Terran
  • League: Gold

VOD

Have the link to the VOD?

Description

Time

  • Played on: Sept. 22, 2016, 4:35 a.m.
  • Length: 14:04
Show
View Real Time Build Order
Export as new Build Order

Nickos Terran 

Build Orders:  

Get SALT Encoding   

  12  0:00  SCV  
  13  0:13  SCV  
  14  0:17  Supply Depot  
  14  0:25  SCV  
  15  0:39  SCV  
  15  0:40  Barracks  
  16  0:51  SCV  
  17  1:03  SCV  
  18  1:15  SCV  
  19  1:21  Command Center  
  19  1:26  Marine  
  20  1:34  Orbital Command  
  20  1:42  Supply Depot  
  20  1:47  Marine  
  21  1:56  Barracks  
  21  2:01  SCV  
  22  2:13  SCV  
  22  2:14  Marine  
  24  2:16  Barracks  
  24  2:22  Refinery  
  24  2:24  Refinery  
  24  2:26  SCV  
  25  2:36  Orbital Command  
  25  2:38  Marine, SCV  
  27  2:45  Marine  
  27  2:50  SCV  
  28  2:56  Marine  
  29  3:02  SCV  
  29  3:03  SCV  
  31  3:13  Barracks Tech Lab  
  31  3:14  SCV  
  31  3:15  SCV  
  34  3:25  Supply Depot  
  34  3:26  Barracks Reactor, SCV  
  36  3:27  SCV  
  36  3:32  Stimpack  
  36  3:33  Barracks Reactor  
  35  3:37  Marauder  
  35  3:38  SCV  
  35  3:39  SCV  
  39  3:50  SCV  
  39  3:51  Barracks, SCV  
  39  3:52  Supply Depot  
  42  4:02  SCV  
  42  4:03  SCV, Marine x2, Marauder  
  42  4:04  Factory  
  47  4:14  SCV  
  47  4:15  Supply Depot  
  48  4:19  Marine x2  
  48  4:21  Marine x2  
  48  4:23  SCV  
  53  4:27  SCV  
  54  4:36  Marine  
  54  4:37  SCV, Marine  
  57  4:39  SCV  
  57  4:40  Barracks Reactor  
  57  4:43  Barracks  
  54  4:48  Engineering Bay  
  54  4:49  SCV  
  54  4:50  Engineering Bay  
  54  4:51  Marine x3  
  55  4:56  Marine  
  55  4:57  Marauder  
  55  4:58  SCV  
  59  5:00  Supply Depot  
  59  5:07  SCV  
  60  5:09  Marine x2  
  60  5:11  SCV  
  60  5:12  Starport  
  63  5:15  Factory Reactor, Terran Infantry Weapons Level 1  
  63  5:17  Marine  
  63  5:18  Marine  
  65  5:25  Marine x3  
  65  5:27  Marine  
  69  5:29  Supply Depot  
  62  5:55  Liberator  
  62  5:56  Marine  
  62  5:57  Marine x5  
  57  6:02  Marine  
  53  6:14  Marine x2  
  53  6:15  Marine x3  
  61  6:18  Marine  
  61  6:20  Marauder  
  61  6:22  SCV x2  
  66  6:26  Barracks Tech Lab, Supply Depot  
  66  6:32  Marine x2  
  67  6:33  Liberator  
  67  6:34  SCV  
  67  6:36  Terran Infantry Armor Level 1  
  67  6:37  Marine  
  67  6:38  Marine x2  
  72  6:41  Marauder  
  77  6:55  Marine x3  
  77  6:56  Marine x3  
  83  7:02  Starport  
  83  7:03  Marauder  
  85  7:13  Marine x2  
  85  7:14  Marine  
  85  7:15  Marine x3  
  88  7:24  Marauder  
  88  7:25  Liberator  
  90  7:31  Marine x2  
  90  7:32  Marine  
  90  7:33  Marine  
  86  7:41  Marine x2  
  91  7:45  Starport Reactor  
  91  7:46  Marauder  
  91  7:47  Starport Reactor  
  93  8:04  Marine x4  
  94  8:19  Marine  
  94  8:21  Marauder, Marine  
  94  8:22  Marine x4  
  82  8:37  Marine  
  82  8:39  Marine  
  82  8:40  Marine x4  
  85  8:43  Marauder  
  80  8:51  Liberator x2  
  80  8:55  Marine  
  79  8:56  Marine  
  79  8:58  Marine x4  
  82  9:04  Marine  
  82  9:05  Missile Turret  
  82  9:06  Missile Turret  
  89  9:10  Missile Turret  
  89  9:13  Marine  
  89  9:14  Marine  
  89  9:16  Marine x4  
  93  9:21  Marine  
  94  9:28  Supply Depot x2  
  94  9:29  Supply Depot  
  94  9:36  Marine x2  
  94  9:37  Marine  
  94  9:38  Marine  
  94  9:39  Marine  
  86  9:51  Medivac x2  
  86  10:06  Liberator  
  56  10:18  Marine x3  
  56  10:22  Marine x3  
  56  10:23  Marine  
  63  10:36  Marine x3  
  63  10:40  Marine  
  63  10:42  Marine  
  64  10:52  Marine x2  
  64  10:55  SCV  
  67  11:10  Marine x4  
  67  11:11  Marine  
  72  11:28  Orbital Command  
  72  11:37  Marine x3  
  72  11:38  Marine  
  76  11:58  Marine x3  
  37  12:39  Marine x2  
  39  12:52  Marine x2  
  39  12:53  Marine x3  
  39  12:56  Marine  
  39  12:57  Marine  
Show
View Real Time Build Order
Export as new Build Order

TwoRCfourU Terran - Winner!

Build Orders:  

Get SALT Encoding   

  12  0:01  SCV  
  13  0:15  Supply Depot  
  13  0:18  SCV  
  14  0:30  SCV  
  15  0:42  SCV  
  16  0:43  Barracks  
  16  0:50  Refinery  
  16  0:54  SCV  
  17  1:06  SCV  
  18  1:19  SCV  
  19  1:33  Command Center  
  19  1:37  SCV  
  20  1:47  Refinery  
  20  1:49  SCV  
  20  1:51  Marine  
  22  2:03  Engineering Bay  
  22  2:17  SCV  
  22  2:22  Factory  
  23  2:33  Supply Depot  
  23  2:45  SCV  
  23  2:47  Refinery  
  24  3:03  SCV  
  24  3:04  Missile Turret  
  25  3:13  Supply Depot  
  25  3:15  SCV  
  25  3:17  Planetary Fortress  
  26  3:25  Hi-Sec Auto Tracking  
  26  3:28  SCV  
  27  3:36  Missile Turret  
  27  3:40  SCV  
  28  3:49  Starport  
  28  3:52  SCV  
  28  3:53  Starport  
  29  3:59  Refinery  
  29  4:05  Planetary Fortress  
  29  4:29  Starport Tech Lab  
  29  4:31  Starport Tech Lab  
  29  4:54  SCV  
  29  4:58  Corvid Reactor  
  29  4:59  Explosive Shrapnel Shells  
  30  5:07  SCV  
  31  5:14  Missile Turret  
  31  5:19  SCV  
  32  5:21  Factory Tech Lab  
  32  5:31  SCV  
  32  5:35  Factory  
  33  5:43  SCV  
  33  5:48  Missile Turret  
  33  6:18  Factory Tech Lab  
  33  6:33  Raven  
  33  6:34  Raven  
  33  6:38  Supply Depot  
  37  6:50  Armory  
  37  6:58  Missile Turret  
  37  7:01  Siege Tank  
  37  7:02  Supply Depot  
  40  7:16  Raven x2  
  40  7:18  Missile Turret  
  40  7:19  Supply Depot  
  40  7:20  Supply Depot  
  41  7:41  Missile Turret  
  41  7:42  SCV  
  42  7:52  Missile Turret  
  42  7:54  Missile Turret, SCV  
  36  8:06  SCV  
  37  8:13  Raven x2  
  38  10:00  Siege Tank  
  33  10:48  Missile Turret x2  
  33  10:50  Missile Turret  
  33  10:54  Missile Turret  
  32  11:14  Command Center  
  32  11:44  SCV  
  33  11:47  Building Armor  
  33  11:56  SCV  
  34  12:08  SCV  
  22  12:54  Starport  
  22  13:02  Missile Turret  
  22  13:09  SCV  
Tags
 
League
GoldGold
Matchup
TvT
Race
Terran
Replay Pack
Nickos replay
Add a new tag
Caveats
  • Supply blocks, unpowered buildings, or Contaminate may cause inaccurate times.
  • Supply counts are checked every 10 seconds.